 Dungeon Crawl Stone Soup version 0.22-a0-367-gb72a975 (webtiles) character file.

33737 Kikal the Grappler (level 13, -2/99 HPs)
             Began as a Mummy Monk on Apr 21, 2018.
             Was the Champion of Nemelex Xobeh.
             Slain by a catoblepas (9 damage)
             ... on level 6 of the Lair of Beasts on Apr 22, 2018.
             The game lasted 01:52:33 (29961 turns).

Kikal the Grappler (Mummy Monk)                    Turns: 29961, Time: 01:52:34

Health: -2/99      AC: 16    Str: 18    XL:     13   Next: 38%
Magic:  21/21      EV:  2    Int: 10    God:    Nemelex Xobeh [******]
Gold:   1320       SH:  0    Dex: 15    Spells: 11/12 levels left

rFire    x . .     SeeInvis .     - Unarmed
rCold    + . .     Gourm    .   f - +0 buckler
rNeg     + + +     Faith    .   L - +2 chain mail {MR+}
rPois    ∞         Spirit   .   M - +0 helmet
rElec    .         Reflect  +   (no cloak)
rCorr    .         Harm     .   p - +0 pair of gloves
MR       +++..                  r - +0 pair of boots
Stlth    ..........             t - +6 amulet of reflection
HPRegen  0.26/turn              i - ring of protection from magic
MPRegen  0.17/turn              n - ring of stealth

@: petrified
A: no food or potions, fire vulnerability, cold resistance 1, negative energy
resistance 3, torment resistance, unbreathing, in touch with death 1
a: Triple Draw, Deal Four, Stack Five, Renounce Religion


You were on level 6 of the Lair of Beasts.
You worshipped Nemelex Xobeh.
Nemelex Xobeh was exalted by your worship.
You were not hungry.

You visited 2 branches of the dungeon, and saw 17 of its levels.
You also visited: Ice Cave.

You collected 1320 gold pieces.

Inventory:

Hand Weapons
 a - a +0 hunting sling
 N - the +1 rapier of Shame {flame, +Blink Int+3 Stlth+}
   (You found it on level 2 of the Lair of Beasts)

   It has been specially enchanted to burn those struck by it, causing extra
   injury to most foes and up to half again as much damage against particularly
   susceptible opponents.
   It affects your intelligence (+3).
   It lets you blink.
   It makes you more stealthy.
Missiles
 b - 905 stones (quivered)
 x - 23 tomahawks
 y - 96 sling bullets
 K - 2 throwing nets
 P - 10 javelins
Armour
 f - a +0 buckler (worn)
 p - a +0 pair of gloves (worn)
 r - a +0 pair of boots (worn)
 L - a +2 chain mail of magic resistance (worn)
 M - a +0 helmet (worn)
Jewellery
 i - a ring of protection from magic (left hand)
 n - a ring of stealth (right hand)
 t - a +6 amulet of reflection (around neck)
 S - an uncursed ring of ice
 T - an uncursed ring of resist corrosion
Wands
 c - a wand of disintegration (10)
 q - a wand of polymorph (15)
 s - a wand of acid (23)
 A - a wand of digging (29)
 C - a wand of paralysis (29)
 Q - a wand of flame (19)
 R - a wand of iceblast (5)
Scrolls
 e - 9 scrolls of teleportation
 h - 4 scrolls of immolation
 j - 10 scrolls of remove curse
 k - 2 scrolls of blinking
 l - 8 scrolls of enchant weapon
 m - 6 scrolls of identify
 o - 2 scrolls of magic mapping
 v - 6 scrolls of amnesia
 F - 2 scrolls of noise
 H - 3 scrolls of enchant armour
Miscellaneous
 d - a legendary deck of destruction
 g - an ornate deck of summoning
 u - an ornate deck of summoning
 w - an ornate deck of summoning
 B - an ornate deck of destruction
 D - a legendary deck of summoning
 E - a plain deck of escape {drawn: 2}
 G - an ornate deck of summoning
 I - an ornate deck of destruction
 J - a plain deck of summoning {drawn: 5}
 O - a legendary deck of destruction
 U - a legendary deck of summoning


   Skills:
 + Level 8.6 Fighting
 + Level 7.9 Armour
 - Level 5.1 Dodging
 - Level 1.5 Stealth
 - Level 4.1 Shields
 - Level 12.0 Unarmed Combat
 + Level 10.7 Invocations


You had 11 spell levels left.
You knew the following spells:

 Your Spells              Type           Power        Failure   Level  Hunger
a - Confusing Touch       Hex            #.....       98%         1    N/A

Dungeon Overview and Level Annotations

Branches:
Dungeon (11/15)            Temple (0/1) D:7            Lair (6/6) D:10
  Swamp (0/4) Lair:3        Snake (0/4) Lair:4        Slime (0/5) Lair:5
    Orc (0/2) D:11

Altars:
Elyvilon
Fedhas
Nemelex Xobeh
Qazlal
Ru
Sif Muna
The Shining One
Beogh

Annotations:
D:5 exclusion: phantom
D:8 artefact armor
Lair:4 exclusion: oklob plant


Innate Abilities, Weirdness & Mutations

You do not eat or drink.
Your flesh is vulnerable to fire.
You are immune to poison.
Your flesh is cold resistant. (rC+)
You are immune to negative energy. (rN+++)
You are immune to unholy pain and torment.
You can survive without breathing.
You are in touch with the powers of death.


Message History

You are engulfed in calcifying dust.
You are slowing down.
The catoblepas gores you!!
The catoblepas breathes a plume of calcifying dust at you.
The blast of calcifying dust hits you!
Your limbs are stiffening.
You take 16 damage, and have 35/99 hp.
The catoblepas breathes a plume of calcifying dust at you.
The blast of calcifying dust hits you!
You have turned to stone.
You are engulfed in calcifying dust.
The catoblepas gores you!
* * * LOW HITPOINT WARNING * * *
You are engulfed in calcifying dust.
The catoblepas gores you!
* * * LOW HITPOINT WARNING * * *
You are engulfed in calcifying dust.
The catoblepas gores you!!
* * * LOW HITPOINT WARNING * * *
The catoblepas gores you but does no damage.
The catoblepas gores you!
* * * LOW HITPOINT WARNING * * *
The catoblepas gores you!!
You die...
Your body disappears without a glow.

.#......### ##... ..#P..#
##......## ##...##.##...## #
.###.....# ##P.....## #.#.####
##
#...########........###...#...
##
##..P...P#P.#.................
.# ##.........................#.
.# #.#..#..#.#....8...........##
.# #..##..#.###..........8.....#
##
########..##.@Y...8.........##
####.........##.........8....###
'.#..#...P...##.....8......###
#..#......#.....###......###
...%...........## ##.....P#
.#.............# #...###PP#
...##.........## #...## #
...##P.P.#....# #...##
.......##.#...# #..#


You could see a catoblepas.

Vanquished Creatures
  Fannar (Lair:3)
  A hydra (Lair:5)
  A two-headed ogre (D:11)
  An orc knight (D:11)
  3 elephants
  3 black mambas (Lair:5)
  A torpor snail (Lair:3)
  10 spiny frogs
  3 komodo dragons
  2 hornets
  4 blink frogs
  A polar bear (Lair:5)
  7 dream sheep (Lair:5)
  7 hippogriffs
  A wraith (D:10)
  3 wyverns
  3 basilisks
  A steam dragon (D:10)
  26 yaks
  6 vampire mosquitoes (Lair:3)
  13 water moccasins
  10 porcupines
  4 orc warriors
  2 sky beasts
  A hornet zombie (D:9)
  A black bear (D:5)
  An eye of draining (D:9)
  12 wolves
  9 ogres
  7 centaurs
  8 crocodiles
  2 big kobolds (D:5)
  13 bullfrogs
  A wyvern zombie (D:6)
  A scorpion (D:10)
  16 killer bees
  5 wights
  3 howler monkeys (D:9)
  2 crimson imps
  A centaur zombie (D:8)
  2 bullfrog zombies
  2 quasits
  2 hounds
  2 jellies
  9 orc priests
  6 orc wizards
  A bullfrog skeleton (D:4)
  A centaur skeleton (D:10)
  2 iguanas
  7 worker ants
  A killer bee zombie (D:7)
  A hound zombie (D:9)
  10 gnolls (D:5)
  14 adders
  2 howler monkey skeletons
  3 shadow imps
  9 white imps (Lair:5)
  2 oozes
  3 dart slugs
  5 worms
  4 leopard geckos
  46 orcs
  5 giant cockroaches
  42 goblins
  21 hobgoblins
  13 jackals
  5 kobolds
  10 quokkas
  3 ball pythons
  A ball python zombie (D:1)
  6 bats
  4 frilled lizards
  A giant cockroach zombie (D:1)
  A quokka skeleton (D:9)
  A quokka zombie (D:8)
  7 rats
451 creatures vanquished.

Vanquished Creatures (collateral kills)
  Rupert (Lair:6)
  Snorg (Lair:6)
  A hydra (Lair:5)
  A catoblepas (Lair:6)
  3 two-headed ogres
  Urug (Lair:2)
  The ghost of Totori the Shooter, a novice HuWn of Ashenzari (D:6)
  A black mamba (Lair:6)
  A spiny frog (Lair:1)
  A rime drake (Lair:6)
  A wyvern (Lair:5)
  8 yaks
  A water moccasin (Lair:2)
  A porcupine (Lair:1)
  An orc warrior (D:7)
  3 wolves (Lair:3)
  6 crocodiles
  3 killer bees
  A crimson imp (D:9)
  An orc wizard (D:7)
  An orc priest (D:8)
  An iguana (D:8)
  3 white imps (Lair:5)
  3 orcs
46 creatures vanquished.

Vanquished Creatures (others)
  A hydra (Lair:4)
  A bullfrog skeleton (D:11)
  16 fungi
  8 plants
26 creatures vanquished.

Grand Total: 523 creatures vanquished

Notes
Turn   | Place    | Note
-------+----------+-------------------------------------------
     0 | D:1      | Kikal the Mummy Monk began the quest for the Orb.
     0 | D:1      | Reached XP level 1. HP: 18/18 MP: 1/1
   362 | D:1      | Reached XP level 2. HP: 24/24 MP: 2/2
   376 | D:1      | Reached skill level 3 in Unarmed Combat
  1229 | D:2      | Reached XP level 3. HP: 29/29 MP: 3/3
  1241 | D:2      | Reached skill level 1 in Shields
  2882 | D:2      | Reached XP level 4. HP: 35/35 MP: 4/4
  3533 | D:3      | Reached skill level 4 in Unarmed Combat
  4478 | D:4      | Reached XP level 5. HP: 41/41 MP: 5/5
  4700 | D:4      | Reached skill level 1 in Armour
  4808 | D:4      | Noticed an ogre
  4882 | D:4      | Noticed an ogre
  4921 | D:4      | Noticed an ogre
  4922 | D:4      | Found a sparkling altar of Nemelex Xobeh.
  4936 | D:4      | Became a worshipper of Nemelex Xobeh the Trickster
  4936 | D:4      | Received a gift from Nemelex Xobeh
  4936 | D:4      | Reached * piety under Nemelex Xobeh
  4936 | D:4      | Received a gift from Nemelex Xobeh
  4936 | D:4      | Reached ** piety under Nemelex Xobeh
  5405 | D:5      | Entered Level 5 of the Dungeon
  5514 | D:5      | Noticed an ogre
  5519 | D:5      | Noticed a phantom
  5645 | D:5      | Reached skill level 5 in Unarmed Combat
  5645 | D:5      | Reached skill level 1 in Invocations
  5645 | D:5      | Reached XP level 6. HP: 41/47 MP: 6/6
  6075 | D:5      | Found a blossoming altar of Fedhas.
  6251 | D:5      | Received a gift from Nemelex Xobeh
  6263 | D:5      | Noticed a sky beast
  6286 | D:5      | Killed a sky beast
  7125 | D:5      | Reached XP level 7. HP: 38/52 MP: 7/9
  8346 | D:4      | Reached skill level 6 in Unarmed Combat
  8346 | D:4      | Reached XP level 8. HP: 53/58 MP: 9/11
  8443 | D:6      | Noticed Totori's ghost (novice HuWn)
  8955 | D:6      | Noticed a red devil
  9352 | D:5      | Learned a level 1 spell: Confusing Touch
  9494 | D:6      | Reached skill level 5 in Invocations
  9990 | D:6      | Killed Totori's ghost
  9990 | D:6      | Reached skill level 7 in Unarmed Combat
 10228 | D:6      | Found a deep blue altar of Sif Muna.
 10321 | D:6      | Upgraded the game from 0.22-a0-362-g535178c to 0.22-a0-367-gb72a975
 10458 | D:7      | Reached *** piety under Nemelex Xobeh
 10477 | D:7      | You fall through a shaft!
 10477 | D:8      | Noticed a two-headed ogre
 10477 | D:8      | Noticed a hornet
 10486 | D:8      | Received a gift from Nemelex Xobeh
 10501 | D:8      | Found a stormy altar of Qazlal.
 10509 | D:8      | Reached XP level 9. HP: 61/65 MP: 12/12
 10677 | D:8      | Killed a two-headed ogre
 10802 | D:8      | Reached skill level 5 in Fighting
 11062 | D:8      | Noticed a two-headed ogre
 11068 | D:8      | Killed a two-headed ogre
 11414 | D:8      | Received a gift from Nemelex Xobeh
 11745 | D:7      | Found a staircase to the Ecumenical Temple.
 11764 | D:7      | Found a white marble altar of Elyvilon.
 12098 | D:7      | Reached skill level 8 in Unarmed Combat
 12770 | D:7      | Reached XP level 10. HP: 19/74 MP: 15/15
 13039 | D:7      | Received a gift from Nemelex Xobeh
 13044 | D:7      | Found a glowing golden altar of the Shining One.
 13924 | D:8      | Noticed a gargoyle
 14217 | D:9      | Received a gift from Nemelex Xobeh
 14465 | D:9      | Found a sacrificial altar of Ru.
 14478 | D:9      | Reached **** piety under Nemelex Xobeh
 14960 | D:9      | Received a gift from Nemelex Xobeh
 15260 | D:9      | Reached skill level 9 in Unarmed Combat
 15386 | D:10     | Entered Level 10 of the Dungeon
 15399 | D:10     | Noticed a two-headed ogre
 15424 | D:10     | Killed a two-headed ogre
 15985 | D:10     | Received a gift from Nemelex Xobeh
 16055 | D:10     | Reached ***** piety under Nemelex Xobeh
 16374 | D:10     | Found a staircase to the Lair.
 16766 | D:10     | Reached skill level 5 in Armour
 17256 | D:11     | Reached skill level 10 in Unarmed Combat
 17573 | D:11     | Found a roughly hewn altar of Beogh.
 17607 | D:11     | Received a gift from Nemelex Xobeh
 17813 | D:11     | Noticed an orc knight
 18156 | D:11     | Noticed a two-headed ogre
 18167 | D:11     | Killed a two-headed ogre
 18167 | D:11     | Reached XP level 11. HP: 53/81 MP: 16/16
 18436 | D:11     | Found a staircase to the Orcish Mines.
 18526 | D:11     | Killed an orc knight
 18986 | D:11     | Received a gift from Nemelex Xobeh
 19252 | Lair:1   | Entered Level 1 of the Lair of Beasts
 20637 | Lair:1   | Received a gift from Nemelex Xobeh
 21218 | Lair:1   | Received a gift from Nemelex Xobeh
 21828 | Lair:2   | Got a polished rapier
 21829 | Lair:2   | Identified the cursed +1 rapier of Shame {flame, +Blink Int+3 Stlth+} (You found it on level 2 of the Lair of Beasts)
 22099 | Lair:2   | Received a gift from Nemelex Xobeh
 23250 | Lair:2   | Noticed Urug
 23266 | Lair:2   | Killed Urug
 23584 | Lair:3   | Reached skill level 5 in Dodging
 23619 | Lair:3   | Received a gift from Nemelex Xobeh
 23640 | Lair:3   | Noticed Fannar
 23659 | Lair:3   | Killed Fannar
 23659 | Lair:3   | Reached XP level 12. HP: 69/91 MP: 19/19
 24219 | Lair:3   | Found a staircase to the Swamp.
 24363 | Lair:3   | Reached skill level 10 in Invocations
 24481 | Lair:3   | Received a gift from Nemelex Xobeh
 24743 | Lair:4   | Reached ****** piety under Nemelex Xobeh
 25020 | Lair:4   | Noticed a four-headed hydra
 25032 | Lair:4   | Killed a four-headed hydra
 25148 | Lair:4   | Received a gift from Nemelex Xobeh
 25195 | Lair:4   | Reached skill level 11 in Unarmed Combat
 25425 | Lair:4   | Found a staircase to the Snake Pit.
 26163 | Lair:5   | Found a staircase to the Slime Pits.
 26192 | Lair:5   | Received a gift from Nemelex Xobeh
 26409 | Lair:5   | Noticed a six-headed hydra
 26421 | Lair:5   | Killed a six-headed hydra
 26483 | Lair:5   | Found a frozen archway.
 26541 | IceCv    | Entered an ice cave
 26978 | Lair:5   | Received a gift from Nemelex Xobeh
 27114 | Lair:6   | Entered Level 6 of the Lair of Beasts
 27114 | Lair:6   | Noticed Snorg
 27175 | Lair:6   | Noticed Rupert
 27521 | Lair:5   | Reached skill level 12 in Unarmed Combat
 27726 | Lair:6   | Noticed an eight-headed hydra
 28092 | Lair:5   | Gained mutation: You are in touch with the powers of death. [Mummy growth]
 28092 | Lair:5   | Reached XP level 13. HP: 74/97 MP: 20/20
 28729 | Lair:6   | Killed Snorg
 28773 | Lair:6   | Killed Rupert
 29109 | Lair:6   | Received a gift from Nemelex Xobeh
 29961 | Lair:6   | Slain by a catoblepas

Vault maps used:
D:1:      saegor_arrival_fortress, minmay_misc_feat_alley,
          minmay_strange_pillars, minmay_misc_feat_pillars
D:3:      minmay_wonky_spiral, first_ration
D:4:      gup_sewer_entry_glass, nemelex_diamond_rough_becter
D:5:      minmay_goblin_kobold_castle, fedhas_altar_2
D:6:      led_sif_book
D:7:      elyvilon_altar_5, marbit_many_paths, minmay_temple_entry_trees,
          serial_corexii_hall, corexii_hall_statues_i, corexii_hall_statues_l
D:8:      nicolae_overflow_crystal_walls, lightli_corner_chamber
D:9:      nicolae_ru_the_path_less_chosen
D:10:     lair_entry_dummy
D:11:     david_orc_5, grunt_ogre_cave
Lair:1:   lemuel_fruit_fields, grunt_megastairs_5
Lair:2:   uniq_urug
Lair:3:   minmay_swamp_entry_swarm, st_stairs_11, uniq_fannar
Lair:4:   dummy_snake_entry, infiniplex_staircase_pool_2, grunt_megastairs_3,
          minmay_lair_oklob_chamber
Lair:5:   slime_dummy, portal_ice_cave_entry_imps, serial_bayou_shore_b
Lair:6:   evilmike_catoblepas_cave, grunt_megastairs_4, uniq_rupert, uniq_snorg
IceCv:    ice_cave_statue_garden_teleport

Skill      XL: |  1  2  3  4  5  6  7  8  9 10 11 12 13 |
---------------+----------------------------------------+-----
Unarmed Combat | 3 4 5 6 7 8 10 12 | 12.0
Shields        | 1 3 4 |  4.1
Armour         | 1 2 3 5 7 |  7.9
Invocations    | 1 2 4 5 6 7 9 10 | 10.7
Fighting       | 4 5 6 7 8 |  8.6
Dodging        | 5 |  5.1
Stealth        | |  1.5

Action                   |  1- 3 |  4- 6 |  7- 9 | 10-12 | 13-15 || total
-------------------------+-------+-------+-------+-------+-------++-------
Melee: Unarmed           |   173 |   419 |   505 |  1393 |   176 ||  2666
 Fire: Hunting sling     |       |    19 |    28 |    31 |       ||    78
Throw: Stone             |       |       |     7 |     1 |       ||     8
Evoke: Deck              |       |     1 |     8 |    41 |    13 ||    63
       Wand              |       |       |       |     9 |       ||     9
  Use: Scroll            |       |     5 |     2 |    10 |       ||    17
 Stab: Sleeping          |     1 |    10 |     3 |     5 |       ||    19
       Distracted        |       |     1 |       |       |       ||     1
       Paralysed         |       |       |       |     7 |       ||     7
Armor: Robe              |    18 |     7 |       |       |       ||    25
       Leather armour    |       |    34 |       |       |       ||    34
       Ring mail         |       |    36 |   135 |    85 |       ||   256
       Chain mail        |       |       |       |   318 |    67 ||   385
Dodge: Dodged            |    81 |   260 |   237 |   496 |    60 ||  1134
Block: Buckler           |    23 |    77 |    88 |   437 |    98 ||   723
       Reflection        |       |       |       |     5 |     1 ||     6

Table legend:
 A = Spawn XP
 B = Non-spawn XP
 C = Spawn XP percentage of total XP
 D = Spawn monster count
 E = Non-spawn monster count
 F = Spawn count percentage of total count
 G = Total turns spent on level
                    A         B        C        D         E        F      G
               +---------+---------+-------+---------+---------+-------+---------
         Total |       0 |   48196 |   0.0 |       0 |     498 |   0.0 | 29961
               +---------+---------+-------+---------+---------+-------+---------
           D:1 |       0 |      46 |   0.0 |       0 |      24 |   0.0 |  2197
           D:2 |       0 |      58 |   0.0 |       0 |      18 |   0.0 |   954
           D:3 |       0 |      88 |   0.0 |       0 |      27 |   0.0 |  1244
           D:4 |       0 |     577 |   0.0 |       0 |      27 |   0.0 |  1505
           D:5 |       0 |    1084 |   0.0 |       0 |      80 |   0.0 |  3422
           D:6 |       0 |     866 |   0.0 |       0 |      16 |   0.0 |  1069
           D:7 |       0 |    1510 |   0.0 |       0 |      22 |   0.0 |  2206
           D:8 |       0 |    2124 |   0.0 |       0 |      27 |   0.0 |  1618
           D:9 |       0 |     990 |   0.0 |       0 |      15 |   0.0 |  1171
          D:10 |       0 |    3919 |   0.0 |       0 |      40 |   0.0 |  2766
          D:11 |       0 |    2657 |   0.0 |       0 |      40 |   0.0 |  1656
        Lair:1 |       0 |    3371 |   0.0 |       0 |      20 |   0.0 |  2047
        Lair:2 |       0 |    4391 |   0.0 |       0 |      22 |   0.0 |  1698
        Lair:3 |       0 |    4249 |   0.0 |       0 |      25 |   0.0 |  1252
        Lair:4 |       0 |    4127 |   0.0 |       0 |      20 |   0.0 |  1317
        Lair:5 |       0 |   10676 |   0.0 |       0 |      53 |   0.0 |  2466
        Lair:6 |       0 |    7463 |   0.0 |       0 |      22 |   0.0 |  1369
               +---------+---------+-------+---------+---------+-------+---------
